 Dungeon Crawl Stone Soup version 0.18.1-50-g88ac8fd (webtiles) character file.

261 Drunkenshrew the Charmwright (level 5, -16/45 HPs)
             Began as a Draconian Skald on Oct 3, 2016.
             Was an Initiate of Okawaru.
             Demolished by an orc warrior
             ... wielding a +0 flail
              (21 damage)
             ... on level 4 of the Dungeon.
             The game lasted 00:12:04 (2447 turns).

Drunkenshrew the Charmwright (Draconian Skald)      Turns: 2447, Time: 00:12:06

Health: -16/45     AC:  5    Str: 14    XL:     5   Next: 96%
Magic:  4/8        EV: 12    Int: 13    God:    Okawaru [......]
Gold:   211        SH:  0    Dex: 13    Spells: 2 memorised, 4 levels left

rFire  . . .     SeeInvis .     a - +2 hand axe
rCold  . . .     Gourm    .     (armour unavailable)
rNeg   . . .     Faith    .     (no shield)
rPois  .         Spirit   .     w - +0 hat
rElec  .         Dismiss  .     (no cloak)
rCorr  .         Reflect  .     (no gloves)
SustAt .         Harm     .     (no boots)
MR     .....                    (no amulet)
Stlth  ++........               (no ring)
                                x - +2 ring of dexterity

@: infused, not resistant to hostile enchantments, unstealthy
A: unfitting armour, cold-blooded, AC +5
a: Renounce Religion


You were on level 4 of the Dungeon.
You worshipped Okawaru.
Okawaru was noncommittal.
You were not hungry.

You visited 1 branch of the dungeon, and saw 4 of its levels.

You collected 211 gold pieces.

Inventory:

Hand Weapons
 a - a +2 hand axe (weapon)
Missiles
 r - a throwing net (quivered)
Armour
 w - a +0 hat (worn)
Jewellery
 x - a +2 ring of dexterity (left hand)
Scrolls
 e - a scroll of blinking
 f - 2 scrolls of magic mapping
 j - a scroll of noise {unknown}
 l - a scroll of recharging {unknown}
 n - a scroll of random uselessness {unknown}
 q - a scroll of teleportation {unknown}
 t - a scroll of immolation {unknown}
 y - a scroll of remove curse {unknown}
 A - a scroll of fear {unknown}
Potions
 d - 2 potions of magic
 p - a potion of ambrosia {unknown}
 s - a potion of lignification {unknown}
 u - a potion of brilliance {unknown}
 z - a potion of haste {unknown}
Books
 b - a book of Battle

   Spells                             Type                      Level
   a - Infusion                       Charms                       1
   b - Shroud of Golubria             Charms/Translocation         2
   c - Song of Slaying                Charms                       2
   d - Spectral Weapon                Hexes/Charms                 3
   e - Regeneration                   Charms/Necromancy            3
Comestibles
 c - a bread ration
 m - 3 fruits
 v - a beef jerky


   Skills:
 - Level 3.0 Fighting
 - Level 3.0 Axes
 - Level 2.1 Dodging
 - Level 2.1 Stealth
 - Level 2.0 Spellcasting
 - Level 4.0 Charms
 + Level 2.0 Necromancy


You had 4 spell levels left.
You knew the following spells:

 Your Spells              Type           Power        Failure   Level  Hunger
a - Infusion              Chrm           ##..         6%          1    ##.....
b - Regeneration          Chrm/Necr      #.........   21%         3    ####...


Dungeon Overview and Level Annotations

Branches:
Dungeon (4/15)
 Temple: D:4-7

Altars:
Fedhas
Gozag
Kikubaaqudgha
Okawaru
Ru
Trog
Vehumet
Yredelemnul


Innate Abilities, Weirdness & Mutations

Your plain brown scales are hard (AC +5).
Your body does not fit into most forms of armour.
You are cold-blooded and may be slowed by cold attacks.


Message History

The orc warrior is heavily wounded.
You hit the orc priest.
The orc priest is severely wounded.
The orc priest calls down the wrath of Beogh upon you.
Beogh smites you!
* * * LOW HITPOINT WARNING * * *
The orc warrior hits you with a flail!
* * * LOW HITPOINT WARNING * * *
Drink which item? (? for menu, Esc to quit)
You feel better.
The orc priest miscasts a cantrip.
The orc warrior closely misses you.
You completely miss the orc warrior.
The orc warrior is heavily wounded.
You barely miss the orc priest.
The orc priest is severely wounded.
The orc priest hits you.
* * * LOW HITPOINT WARNING * * *
The orc warrior hits you with a flail!!
You die...

.# . ##(##. ...##.
###..##. .......
##.##..
#############>....#
#..)..............#
#o@# ######.#....
##o# #.#..#. #o#
#.#.### #.# #.#.#
##.## ###.#.#
#...## ###...#.#
#....# #.......#
#....# #.#....##
##...# #.#(...#


You could see an orc warrior, an orc priest and an orc.

Vanquished Creatures
  A hound (D:4)
  An orc wizard (D:3)
  Terence (D:3)
  A worker ant (D:4)
  Robin (D:3)
  4 adders (D:2)
  4 oozes
  A worm (D:3)
  A dart slug (D:2)
  A giant gecko (D:2)
  9 orcs
  6 bats
  4 giant cockroaches
  13 goblins
  6 hobgoblins
  A quokka (D:3)
  A ball python (D:3)
  5 giant newts
  4 kobolds
  11 rats
76 creatures vanquished.

Notes
Turn   | Place    | Note
--------------------------------------------------------------
     0 | D:1      | Drunkenshrew the Draconian Skald began the quest for the Orb.
     0 | D:1      | Reached XP level 1. HP: 17/17 MP: 3/3
    50 | D:1      | Reached XP level 2. HP: 22/24 MP: 5/5
   118 | D:1      | Reached skill level 1 in Stealth
   281 | D:1      | Reached XP level 3. HP: 25/29 MP: 2/6
   732 | D:2      | Found a blossoming altar of Fedhas.
   819 | D:2      | Found a bloodstained altar of Trog.
   821 | D:2      | Found a sacrificial altar of Ru.
   821 | D:2      | Found a basalt altar of Yredelemnul.
   822 | D:2      | Found an iron altar of Okawaru.
   823 | D:2      | Found a radiant altar of Vehumet.
   831 | D:2      | Reached XP level 4. HP: 38/38 MP: 2/7
   838 | D:2      | Became a worshipper of Warmaster Okawaru
  1072 | D:2      | Found an ancient bone altar of Kikubaaqudgha.
  1450 | D:3      | Reached skill level 3 in Charms
  1517 | D:3      | Reached XP level 5. HP: 29/45 MP: 1/8
  1628 | D:3      | Noticed Terence
  1642 | D:3      | Killed Terence
  1683 | D:3      | Found an opulent altar of Gozag.
  1756 | D:3      | Noticed Robin
  1771 | D:3      | Killed Robin
  1771 | D:3      | Reached skill level 4 in Charms
  1851 | D:3      | Learned a level 3 spell: Regeneration
  1979 | D:4      | Reached skill level 1 in Necromancy
  2136 | D:4      | Noticed an orc warrior
  2445 | D:4      | HP: 1/45 [orc warrior/flail (10)]
  2447 | D:4      | Demolished by an orc warrior

Skill      XL: |  1  2  3  4  5 |
---------------+----------------+-----
Dodging        | 2 |  2.1
Stealth        | 1 2 |  2.1
Fighting       | 3 |  3.0
Axes           | 3 |  3.0
Charms         | 3 4 |  4.0
Necromancy     | 2 |  2.0
Spellcasting   | |  2.0

Action                   |  1- 3 |  4- 6 || total
-------------------------+-------+-------++-------
Melee: Hand axe          |    99 |   168 ||   267
       Tailslap          |     7 |    22 ||    29
Throw: Throwing net      |       |     2 ||     2
 Cast: Infusion          |    12 |    15 ||    27
       Regeneration      |       |     2 ||     2
  Use: Scroll            |       |     8 ||     8
       Potion            |       |     2 ||     2
 Stab: Sleeping          |     3 |     2 ||     5
       Held in net/web   |       |     2 ||     2
  Eat: Chunk             |       |     5 ||     5
       Fruit             |       |     2 ||     2
Armor: Skin              |    37 |    38 ||    75
Dodge: Dodged            |    79 |   114 ||   193
